 Dungeon Crawl Stone Soup version 0.25-a0-346-g140ab784a8 (webtiles) character file.

Game seed: 12030759135937970322, levelgen mode: classic

113 Borgoz the Skirmisher (level 4, -5/41 HPs)
             Began as a Hill Orc Fighter on Jan 1, 2020.
             Slain by a wight
             ... wielding a +2 trident of freezing
              (9 damage)
             ... on level 3 of the Dungeon.
             The game lasted 00:01:35 (1278 turns).

Borgoz the Skirmisher (Hill Orc Fighter)            Turns: 1278, Time: 00:01:36

Health: -5/41      AC:  6    Str: 24    XL:     4   Next: 96%
Magic:  4/4        EV:  7    Int:  8    God:
Gold:   58         SH:  9    Dex: 10    Spells: 3/3 levels left

rFire    . . .     SeeInvis .   a - +0 war axe
rCold    + . .     Gourm    .   c - +0 shield
rNeg     . . .     Faith    .   b - +0 scale mail
rPois    .         Spirit   .   (helmet restricted)
rElec    .         Reflect  .   (no cloak)
rCorr    .         Harm     .   (no gloves)
MR       .....                  (no boots)
Stlth    ..........             (no amulet)
HPRegen  0.13/turn              (no ring)
MPRegen  0.09/turn              (no ring)

@: mighty, drained
A: horns 1, cold resistance 1
a: no special abilities


You were on level 3 of the Dungeon.
You were hungry.

You visited 1 branch of the dungeon, and saw 3 of its levels.

You collected 58 gold pieces.

Inventory:

Hand Weapons
 a - a +0 war axe (weapon)
Armour
 b - a +0 scale mail (worn)
 c - a +0 shield (worn)
Scrolls
 g - 2 scrolls of remove curse {unknown}
 h - a scroll of magic mapping {unknown}
 i - a scroll of immolation {unknown}
 j - 4 scrolls of identify {unknown}
 k - 2 scrolls of enchant weapon {unknown}
Comestibles
 f - 3 rations


   Skills:
 * Level 4.5(3.7) Fighting
 * Level 4.1(3.3) Axes
 * Level 4.0(3.2) Armour
 + Level 0.9(0.1) Dodging
 + Level 3.7(2.8) Shields


You had 3 spell levels left.
You didn't know any spells.
Your spell library was empty.

Dungeon Overview and Level Annotations

Branches:
Dungeon (2/15)

Altars:


Innate Abilities, Weirdness & Mutations

You have a pair of small horns on your head.
Your flesh is cold resistant. (rC+)


Message History

* * * LOW HITPOINT WARNING * * *
The wight freezes you.
* * * LOW HITPOINT WARNING * * *
It was a potion of mutation.
You feel extremely strange.
You feel resistant to cold. A pair of horns grows on your head!
You block the wight's attack.
You feel very mighty all of a sudden.
You barely miss the wight.
The wight hits you with a +2 trident of freezing.
* * * LOW HITPOINT WARNING * * *
You feel drained. The wight completely misses you.
Your shield and scale mail prevent you from hitting the wight.
Your headbutt misses the wight. The wight barely misses you.
You closely miss the wight.
The wight hits you with a +2 trident of freezing.
* * * LOW HITPOINT WARNING * * *
You feel drained.
You barely miss the wight.
The wight hits you with a +2 trident of freezing!
You die...

.##............#
#.###....#####.#
##.#.###.# #.#
##.## #.# #.# ###
#.# #.# #.# #.#
#.# #.#
#.#####.#####.#.#
#........@zzZ....
#####.#######....
#.# . #.# #.# #.#
#.# #.. ###


You could see 2 wights and a bullfrog zombie.

Vanquished Creatures
  2 orc wizards (D:3)
  2 adders (D:2)
  An orc (D:3)
  3 giant cockroaches
  3 goblins (D:1)
  4 hobgoblins
  4 jackals (D:3)
  2 quokkas
  3 bats (D:2)
  A frilled lizard (D:1)
  8 kobolds
  6 rats
39 creatures vanquished.

Notes
Turn   | Place    | Note
-------+----------+-------------------------------------------
     0 | D:1      | Borgoz the Hill Orc Fighter began the quest for the Orb.
     0 | D:1      | Reached XP level 1. HP: 19/19 MP: 1/1
   390 | D:1      | Reached XP level 2. HP: 27/27 MP: 2/2
   774 | D:2      | Reached XP level 3. HP: 23/33 MP: 3/3
   960 | D:2      | You fall into a shaft and drop 1 floor!
   972 | D:3      | Reached XP level 4. HP: 29/41 MP: 4/4
  1273 | D:3      | Gained mutation: Your flesh is cold resistant. (rC+)
                  | [potion of mutation]
  1273 | D:3      | Gained mutation: You have a pair of small horns on your
                  | head. [potion of mutation]
  1278 | D:3      | Slain by a wight

Levels and vault maps discovered:
D:1:      sevenhm_arrival_forest_fort_small_6, layout_loops_ring
D:2:      layout_basic, first_ration
D:3:      layout_loops_ring, minmay_joined_circles, uniq_terence

Skill      XL: |  1  2  3  4 |
---------------+-------------+-----
Axes           | 3 4 |  4.1
Fighting       | 4 |  4.5
Armour         | 4 |  4.0
Dodging        | |  0.9
Shields        | |  3.7

Action                   |  1- 3 |  4- 6 || total
-------------------------+-------+-------++-------
Melee: War axe           |    93 |    56 ||   149
  Use: Potion            |       |     3 ||     3
  Eat: Chunk             |       |     1 ||     1
Armor: Scale mail        |    43 |    26 ||    69
Dodge: Dodged            |    20 |    19 ||    39
Block: Shield            |    51 |    18 ||    69

Table legend:
 A = Non-vault XP
 B = Vault XP
 C = Vault XP percentage of total XP
 D = Non-vault monster count
 E = Vault monster count
 F = Vault count percentage of total count
                 A         B        C        D         E       F
            +---------+---------+-------+---------+---------+-------
      Total |     162 |       0 |   0.0 |      39 |       0 |   0.0
            +---------+---------+-------+---------+---------+-------
        D:1 |      30 |       0 |   0.0 |      21 |       0 |   0.0
        D:2 |      39 |       0 |   0.0 |       9 |       0 |   0.0
        D:3 |      93 |       0 |   0.0 |       9 |       0 |   0.0
            +---------+---------+-------+---------+---------+-------
